 Dungeon Crawl Stone Soup version 0.17.1-1-g73c8601 (webtiles) character file.

190 JustSomeDude the Insei (level 5, -7/37 HPs)
             Began as a Demonspawn Monk on Dec 26, 2015.
             Mangled by Elvalys's ghost (9 damage)
             ... on level 4 of the Dungeon.
             The game lasted 00:05:12 (3290 turns).

JustSomeDude the Insei (Demonspawn Monk)            Turns: 3290, Time: 00:05:12

Health: -7/37      AC:  6    Str:  8 (11) XL:     5   Next: 41%
Magic:  5/5        EV: 13    Int: 17      God:
Gold:   135        SH:  0    Dex: 16      Spells: 0 memorised, 4 levels left

rFire  . . .     SeeInvis .       - Unarmed
rCold  . . .     Clarity  +     x - +0 leather armour
rNeg   . . .     SustAt   .     (no shield)
rPois  +         Gourm    .     q - +0 helmet
rElec  .         Spirit   .     s - +0 cloak
rCorr  .         Warding  .     r - +0 pair of gloves
rMut   .         Stasis   .     (no boots)
MR     .....                    (no amulet)
Stlth  ++........               (no ring)
                                (no ring)

@: brilliant, not resistant to hostile enchantments, unstealthy
A: claws 2, talons 1, clarity, frail 1, poison resistance, powered by pain 1
a: no special abilities


You were on level 4 of the Dungeon.
You were not hungry.

You visited 1 branch of the dungeon, and saw 4 of its levels.

You collected 135 gold pieces.

Inventory:

Hand Weapons
 v - a +3 mace
Armour
 o - a +0 shield
 q - a +0 helmet (worn)
 r - a +0 pair of gloves (worn)
 s - a +0 cloak (worn)
 u - a +0 scale mail
 x - a +0 leather armour (worn)
Scrolls
 b - 2 scrolls of identify {unknown}
 c - 3 scrolls of teleportation {unknown}
 d - a scroll of fear {unknown}
 g - 2 scrolls of random uselessness {unknown}
 h - a scroll of noise {unknown}
 k - a scroll of enchant armour {unknown}
 m - a scroll of remove curse {unknown}
 n - 3 scrolls of enchant weapon {unknown}
Potions
 i - a potion of brilliance
Books
 y - a book of the Earth

   Spells                             Type                      Level
   a - Leda's Liquefaction            Hexes/Earth                  4
   b - Bolt of Magma                  Conjuration/Fire/Earth       5
   c - Statue Form                    Transmutation/Earth          6
   d - Iron Shot                      Conjuration/Earth            6
   e - Shatter                        Earth                        9
Comestibles
 a - a bread ration
 j - 2 beef jerkies
 p - a slice of pizza
 w - a royal jelly


   Skills:
 + Level 3.8 Fighting
 + Level 0.3 Armour
 + Level 4.0 Dodging
 + Level 2.3 Stealth
 + Level 4.4 Unarmed Combat


You had 4 spell levels left.
You didn't know any spells.

Dungeon Overview and Level Annotations

Branches:
Dungeon (4/15)
 Temple: D:4-7

Altars:

Annotations:
D:4 Elvalys's ghost, amateur MiFi


Innate Abilities, Weirdness & Mutations

You have very sharp fingernails.
You sometimes gain a little power by taking damage.
You have sharp toenails.
You possess an exceptional clarity of mind.
You are frail (-10% HP).
Your system is resistant to poisons.


Message History

You hit Elvalys's ghost but do no damage.
You claw Elvalys's ghost.
Elvalys's ghost is moderately damaged.
The quokka skeleton closely misses you. Elvalys's ghost hits you!
* * * LOW HITPOINT WARNING * * *
You barely miss Elvalys's ghost.
Elvalys's ghost is moderately damaged.
The quokka skeleton misses you.
You hit Elvalys's ghost.
You claw Elvalys's ghost, but do no damage.
Elvalys's ghost is moderately damaged.
Elvalys's ghost lets out a mournful wail.
Elvalys's ghost hits you but does no damage.
The quokka skeleton bites you.
* * * LOW HITPOINT WARNING * * *
You hit Elvalys's ghost but do no damage.
Your kick misses Elvalys's ghost.
Elvalys's ghost is moderately damaged.
Elvalys's ghost hits you!
You die...

###########
.........
....... .....
... #รท# #
...####W##..##.
.......@Z......
...............
...............
.....#########.
..... .... ####


You could see Elvalys's ghost and a quokka skeleton.

Vanquished Creatures
  The ghost of Charly the Magician, a weakling DEFE (D:3)
  A hound (D:4)
  5 adders
  A gnoll (D:1)
  2 worms
  A giant gecko (D:2)
  5 orcs (D:3)
  8 bats
  3 giant cockroaches
  9 goblins
  8 hobgoblins
  4 jackals (D:3)
  4 giant newts
  6 kobolds
  8 rats
66 creatures vanquished.

Notes
Turn   | Place    | Note
--------------------------------------------------------------
     0 | D:1      | JustSomeDude the Demonspawn Monk began the quest for the Orb.
     0 | D:1      | Reached XP level 1. HP: 18/18 MP: 1/1
   122 | D:1      | Gained mutation: You have sharp fingernails. [demonic ancestry]
   122 | D:1      | Reached XP level 2. HP: 16/24 MP: 2/2
   363 | D:1      | Reached skill level 4 in Unarmed Combat
   574 | D:2      | Reached XP level 3. HP: 24/29 MP: 3/3
  1549 | D:2      | Gained mutation: You sometimes gain a little power by taking damage. [demonic ancestry]
  1549 | D:2      | Reached XP level 4. HP: 19/35 MP: 4/4
  2354 | D:3      | Noticed Charly's ghost (weakling DEFE)
  2366 | D:3      | Killed Charly's ghost
  2629 | D:3      | Gained mutation: You have very sharp fingernails. [demonic ancestry]
  2629 | D:3      | Reached XP level 5. HP: 27/42 MP: 5/5
  3061 | D:4      | Noticed Elvalys's ghost (amateur MiFi)
  3275 | D:3      | Gained mutation: Your system is resistant to poisons. [potion of mutation]
  3275 | D:3      | Gained mutation: You are frail (-10% HP). [potion of mutation]
  3275 | D:3      | Gained mutation: You have sharp toenails. [potion of mutation]
  3276 | D:3      | Gained mutation: You possess an exceptional clarity of mind. [potion of beneficial mutation]
  3290 | D:4      | Mangled by Elvalys's ghost

Action                   |  1- 3 |  4- 6 || total
-------------------------+-------+-------++-------
Melee: Unarmed           |   117 |   100 ||   217
       Mace              |       |    52 ||    52
  Use: Potion            |       |     5 ||     5
 Stab: Sleeping          |     3 |       ||     3
       Distracted        |       |     1 ||     1
  Eat: Bread ration      |     1 |       ||     1
       Meat ration       |       |     1 ||     1
